 Dungeon Crawl Stone Soup version 0.31.0-11-ge490571c62 (webtiles) character file.

Game seed: 3798046214291468147

322 NamelessAdventurer the Sneak (level 6, 0/43 HPs)
             Began as a Djinni Enchanter on Jan 30, 2024.
             Was an Initiate of Ru.
             Slain by an orc
             ... wielding a +0 flail
              (3 damage)
             ... on level 3 of the Dungeon.
             The game lasted 00:06:41 (1859 turns).

NamelessAdventurer the Sneak (Djinni Enchanter)     Turns: 1859, Time: 00:06:43

Health: 0/43       AC:  2    Str:  9    XL:     6   Next: 76%
Gold:   81         EV: 13    Int: 22    God:    Ru [......] SH:  0 Dex: 14

rFire   + + .        a - +1 dagger
rCold   x . .        (no shield)
rNeg    . . .        b - +0 robe
rPois   ∞            (no helmet)
rElec   .            (no cloak)
rCorr   .            (no gloves)
SInv    .            (boots unavailable)
Will    .....        (no amulet)
Stlth   ++           i - +6 ring of intelligence
HPRegen 0.27/turn    (no ring)
MPRegen 0.00/turn

%: infuse magic (-1 HP)
@: flying, invisible
A: sickness immunity, fire resistance 2, cold vulnerability 1, float, innate
caster, HP casting, extra vitality 1
a: Renounce Religion


You were on level 3 of the Dungeon.
You worshipped Ru.
Ru was noncommittal.
You visited 2 branches of the dungeon, and saw 6 of its levels.

You collected 81 gold pieces.

Inventory:

Hand Weapons
 a - a +1 dagger (weapon)
Missiles
 h - 3 poisoned darts (quivered)
Armour
 b - a +0 robe (worn)
Jewellery
 i - a +6 ring of intelligence (left hand)
Scrolls
 d - a scroll of teleportation
Potions
 c - a potion of invisibility
 e - a potion of resistance {unknown}
 g - a potion of magic
 j - a potion of degeneration {unknown}


   Skills:
 * Level 1.8 Fighting
 * Level 2.0 Short Blades
 * Level 1.6 Throwing
 * Level 1.8 Armour
 * Level 3.1 Dodging
 * Level 3.8 Stealth
 * Level 3.2 Spellcasting
 * Level 3.2 Conjurations
 * Level 3.2 Hexes
 * Level 3.2 Summonings
 * Level 3.2 Necromancy
 * Level 3.2 Translocations
 * Level 3.2 Fire Magic
 * Level 3.2 Ice Magic
 * Level 3.2 Air Magic
 * Level 3.2 Earth Magic
 * Level 3.2 Alchemy


You knew the following spells:

 Your Spells              Type           Power      Damage    Failure   Level
a - Ensorcelled Hibernat  Hex/Ice        34%        N/A       4%          2
b - Confusing Touch       Hex            17%        N/A       10%         3
c - Tukima's Dance        Hex            17%        N/A       10%         3
d - Dazzling Flash        Conj/Hex       34%        N/A       10%         3
e - Sting                 Conj/Alch      68%        1d7       3%          1
f - Call Imp              Summ           34%        N/A       4%          2
Your spell library was empty.

Dungeon Overview and Level Annotations

Branches:
Dungeon (5/15)             Temple (1/1) D:5

Altars:
Ashenzari
Cheibriados
Fedhas
Nemelex Xobeh
Okawaru
Ru
Trog
Uskayaw
Wu Jian
Xom
The Shining One


Innate Abilities, Weirdness & Mutations

You are immune to sickness and miasma.
You are immune to poison.
Your flesh is very heat resistant. (rF++)
You are vulnerable to cold. (rC-)
You float through the air rather than walking.
You learn spells naturally, not from books.
Your magical power is your life essence.
You have superior vitality. (+4 MHP)


Message History

Your cerulean imp hits the orc but does no damage.
There is a stone staircase leading down here.
You closely miss the orc. The orc closely misses you. The orc misses you.
You hit the orc.
The orc is heavily wounded.
Your cerulean imp barely misses the orc.
The orc hits you with a +0 club. The orc hits you with a +0 flail!
The orc hits you with a +0 short sword.
You barely miss the orc.
The orc is heavily wounded.
Your cerulean imp hits the orc but does no damage.
The orc closely misses you. x2; The orc hits you with a +0 flail.
You hear some strange, mumbled words.
A magic dart appears from out of thin air!
The magic dart hits you!
* * * LOW HITPOINT WARNING * * *
You fade into invisibility!
Your cerulean imp hits the orc from afar with a -3 spear.
You hear some strange, mumbled words.
Something tries to affect you, but you resist.
The orc closely misses you. The orc hits you with a +0 club.
* * * LOW HITPOINT WARNING * * *
The orc hits you with a +0 short sword.
* * * LOW HITPOINT WARNING * * *
You feel better.
Your cerulean imp barely misses the orc.
You hear some strange, mumbled words.
A puff of flame appears from out of thin air!
The puff of flame misses you. The orc hits you with a +0 flail.
* * * LOW HITPOINT WARNING * * *
The orc closely misses you. The orc barely misses you.
Your cerulean imp hits the orc from afar with a -3 spear.
The orc barely misses you.
Your cerulean imp hits the orc but does no damage.
You hear some strange, mumbled words.
A puff of flame appears from out of thin air!
The puff of flame hits you. You resist.
* * * LOW HITPOINT WARNING * * *
The orc hits you with a +0 flail.
You die...

... ....
.... .....
#....#######
# #....5o.#
##.#.....@{#
#.......ro.#
.......).o.#
...........#
.........###
.........#
.........#
.........#
........[#


You could see 3 orcs, a quokka (unable to see you) and a friendly cerulean imp
(summoned).

Vanquished Creatures
  A howler monkey (D:5)
  3 bombardier beetles
  4 hounds
  2 adders
  A shadow imp (D:5)
  A ribbon worm (D:2)
  An orc (D:3)
  2 ball pythons
  3 endoplasms
  2 goblins
  A hobgoblin (D:4)
  4 kobolds
  3 bats
  2 rats (D:1)
  A butterfly (D:5)
31 creatures vanquished.

Vanquished Creatures (collateral kills)
  An orc (D:4)
  An endoplasm (D:4)
2 creatures vanquished.

Grand Total: 33 creatures vanquished

Notes
Turn   | Place    | Note
-------+----------+-------------------------------------------
     0 | D:1      | NamelessAdventurer the Djinni Enchanter began the quest for
                  | the Orb.
     0 | D:1      | NamelessAdventurer set off with the following spells
                  | memorised: Ensorcelled Hibernation, Confusing Touch,
                  | Tukima's Dance, Dazzling Flash.
     0 | D:1      | Reached XP level 1. HP: 15/15 MP: 0/0
   202 | D:1      | Reached skill level 1 in Short Blades
   210 | D:1      | Reached XP level 2. HP: 16/21 MP: 0/0
   290 | D:2      | Reached XP level 3. HP: 12/26 MP: 0/0
   290 | D:2      | Learned a level 1 spell: Sting
   362 | D:3      | Reached XP level 4. HP: 26/31 MP: 0/0
   405 | D:3      | Reached skill level 1 in Fighting
   405 | D:3      | Reached skill level 1 in Armour
   689 | D:4      | Reached XP level 5. HP: 32/37 MP: 0/0
   689 | D:4      | Learned a level 2 spell: Call Imp
   986 | D:5      | Entered Level 5 of the Dungeon
  1163 | D:5      | Identified the +5 ring mail of Bayptuj {Slay+2}
  1198 | D:5      | Reached skill level 1 in Throwing
  1265 | D:5      | Reached XP level 6. HP: 27/42 MP: 0/0
  1404 | D:5      | Found a staircase to the Ecumenical Temple.
  1414 | Temple   | Entered the Ecumenical Temple
  1467 | Temple   | Became a worshipper of Ru the Awakened
  1859 | D:3      | Slain by an orc

Illustrated notes

Levels and vault maps discovered:
D:1:      nagdon_arrival_double_spiral, layout_rooms,
          ebering_dispersal_statue_hall
D:2:      layout_loops_ring, shapermc_ecumenical_altar_pompeii, serial_shops,
          nicolae_shop_tiny_waterfront, st_stairs_12,
          chequers_serial_rivers_micro_b
D:3:      layout_rooms, lemuel_zombie_altar_yredelemnul, st_stairs_9
D:4:      layout_rooms, nicolae_letterblocks [nicolae_letter_subblock,
          nicolae_letter_subblock, nicolae_letter_subblock,
          nicolae_letter_subblock, nicolae_letter_subblock,
          nicolae_letter_subblock, nicolae_letter_subblock,
          nicolae_letter_subblock, nicolae_letter_subblock,
          nicolae_letter_subblock, nicolae_letter_subblock,
          nicolae_letter_subblock, nicolae_letter_subblock,
          nicolae_letter_subblock, nicolae_letter_subblock,
          nicolae_letter_subblock, nicolae_letter_subblock,
          nicolae_letter_subblock, nicolae_letter_subblock,
          nicolae_letter_subblock, nicolae_letter_subblock,
          nicolae_letter_subblock, nicolae_letter_subblock,
          nicolae_letter_subblock, nicolae_letter_subblock]
D:5:      layout_loops_ring, minmay_temple_entry_butterflies, amethyst_killhole,
          grunt_ministairs_5
Temple:   nicolae_temple_ecumenical_triangle

Skill      XL: |  1  2  3  4  5  6 |
---------------+-------------------+-----
Short Blades   | 1 2 |  2.0
Stealth        | 3 |  3.8
Spellcasting   | 3 |  3.2
Conjurations   | 3 |  3.2
Hexes          | 3 |  3.2
Summonings     | 3 |  3.2
Necromancy     | 3 |  3.2
Translocations | 3 |  3.2
Fire Magic     | 3 |  3.2
Ice Magic      | 3 |  3.2
Air Magic      | 3 |  3.2
Earth Magic    | 3 |  3.2
Alchemy        | 3 |  3.2
Fighting       | 1 |  1.8
Armour         | 1 |  1.8
Throwing       | 1 |  1.6
Dodging        | 3 |  3.1

Action                     |  1- 3 |  4- 6 || total
---------------------------+-------+-------++-------
  Melee: Dagger            |    42 |    34 ||    76
  Throw: Boomerang         |     6 |    16 ||    22
         Dart              |       |     9 ||     9
   Cast: Ensorcelled Hiber |     5 |     5 ||    10
         Sting             |     2 |     5 ||     7
         Tukima's Dance    |       |     1 ||     1
         Call Imp          |       |     4 ||     4
    Use: Potion            |     1 |     2 ||     3
         Scroll            |       |     7 ||     7
   Stab: Sleeping          |     6 |     7 ||    13
 Armour: Robe              |    19 |    37 ||    56
  Dodge: Dodged            |    22 |    40 ||    62
